PAA
PHOENIX HOTSPUR YOUTH @ MERCER ISLAND SCREAMING EAGLES
09/01/2031
 
TOP OF THE 1ST
Phoenix Hotspur Youth batting - Pitching for Mercer Island Screaming Eagles : RHP Raimo Kangas
Pitching: RHP Raimo Kangas
Batting: RHB Juan Negrete 0-0: Swinging Strike
0-1: Called Strike
0-2: Foul Ball, location: 2F
0-2: Strikes out looking
Batting: RHB James Turner 0-0: Foul Ball, location: 2F
0-1: Ground out 4-3 (Groundball, 4)
Batting: RHB Sinfronio Vitor 0-0: Ball
1-0: Ball
2-0: Ball
3-0: Base on Balls
Batting: RHB Braylen Sampson 0-0: Ball
1-0: Called Strike
1-1: Ball
Sinfronio Vitor is caught stealing 2nd base
Top of the 1st over - 0 runs, 0 hits, 0 errors, 0 left on base; Phoenix Hotspur 0 - Mercer Island 0
BOTTOM OF THE 1ST
Mercer Island Screaming Eagles batting - Pitching for Phoenix Hotspur Youth : LHP José Santiago
Pitching: LHP José Santiago
Batting: RHB Yu-shu Kang 0-0: Foul Ball, location: 2F
0-1: Reached on error, E3 (Groundball, 3)
Batting: RHB Pedro Hernández 0-0: Ball
1-0: Ground out 6-3 (Groundball, 6S)
Yu-shu Kang to second
Batting: SHB Arnold Griffith 0-0: Ball
1-0: Called Strike
1-1: Ball
2-1: Fly out, F3 (Line Drive, 34)
Batting: SHB Serious Lee 0-0: Ball
1-0: Called Strike
1-1: Foul Ball, location: 2F
1-2: Ball
2-2: Ground out 6-3 (Groundball, 6)
Bottom of the 1st over - 0 runs, 0 hits, 1 error, 1 left on base; Phoenix Hotspur 0 - Mercer Island 0
TOP OF THE 2ND
Phoenix Hotspur Youth batting - Pitching for Mercer Island Screaming Eagles : RHP Raimo Kangas
Batting: RHB Braylen Sampson 0-0: Called Strike
0-1: Ball
1-1: SINGLE (Line Drive, 7LS)
Batting: LHB Tyler Kinjeketile 0-0: Ball
1-0: Called Strike
1-1: Foul Ball, location: 2F
1-2: Strikes out looking
Batting: RHB José Souza 0-0: Foul Ball, location: 2F
0-1: Called Strike
0-2: Foul Ball, location: 2F
0-2: SINGLE (Line Drive, 7S)
Braylen Sampson to second
Batting: RHB Bill Poole 0-0: Called Strike
0-1: Ball
1-1: Swinging Strike
1-2: SINGLE (Groundball, 56D)
Braylen Sampson to third
José Souza to second
Batting: LHB Damian Alldred 0-0: Foul Ball, location: 2F
0-1: Ball
1-1: Ball
2-1: Ball
3-1: Called Strike
3-2: Foul Ball, location: 2F
3-2: Foul Ball, location: 2F
3-2: Strikes out swinging
Batting: LHB Joseph Antoine 0-0: Ball
1-0: Called Strike
1-1: Fly out, F9 (Line Drive, 9)
Top of the 2nd over - 0 runs, 3 hits, 0 errors, 3 left on base; Phoenix Hotspur 0 - Mercer Island 0
BOTTOM OF THE 2ND
Mercer Island Screaming Eagles batting - Pitching for Phoenix Hotspur Youth : LHP José Santiago
Batting: RHB Juan Reyes 0-0: Swinging Strike
0-1: Ball
1-1: Ball
2-1: Called Strike
2-2: Ball
3-2: Ground out 6-3 (Groundball, 56)
Batting: RHB Vincente Flores 0-0: Ball
1-0: Ball
2-0: Ball
3-0: Base on Balls
Batting: SHB Edward Sterrenburg 0-0: Foul Ball, location: 2F
0-1: Ball
1-1: Swinging Strike
1-2: Ball
2-2: Ball
3-2: Base on Balls
Vincente Flores to second
Batting: LHB Jorge Pérez 0-0: Ball
1-0: Called Strike
1-1: Ball
2-1: Fly out, F8 (Line Drive, 89D)
Batting: SHB Ray Davis 0-0: Called Strike
0-1: Ball
1-1: Ball
2-1: Ball
3-1: Foul Ball, location: 2F
3-2: Base on Balls
Vincente Flores to third
Edward Sterrenburg to second
Batting: RHB Yu-shu Kang 0-0: Ball
1-0: SINGLE (Line Drive, 4MD)
Vincente Flores scores
Edward Sterrenburg to third
Ray Davis to second
Runner from 3rd tries for Home, SAFE, no throw
Batting: RHB Pedro Hernández 0-0: Swinging Strike
0-1: SINGLE (Line Drive, 78S)
Ray Davis to third
Yu-shu Kang to second
Batting: SHB Arnold Griffith 0-0: Ball
1-0: SINGLE (Groundball, 56D)
Ray Davis scores
Yu-shu Kang to third
Pedro Hernández to second
Runner from 3rd tries for Home, SAFE, no throw
Batting: SHB Serious Lee 0-0: Foul Ball, location: 2F
0-1: Called Strike
0-2: Strikes out swinging
Bottom of the 2nd over - 4 runs, 3 hits, 0 errors, 2 left on base; Phoenix Hotspur 0 - Mercer Island 4
TOP OF THE 3RD
Phoenix Hotspur Youth batting - Pitching for Mercer Island Screaming Eagles : RHP Raimo Kangas
Batting: RHB Juan Negrete 0-0: Called Strike
0-1: Called Strike
0-2: Ball
1-2: Strikes out swinging
Batting: RHB James Turner 0-0: Called Strike
0-1: Fly out, F3 (Popup, 34S)
Batting: RHB Sinfronio Vitor 0-0: Ball
1-0: Foul Ball, location: 2F
1-1: Swinging Strike
1-2: Fly out, F8 (Flyball, 89D)
Top of the 3rd over - 0 runs, 0 hits, 0 errors, 0 left on base; Phoenix Hotspur 0 - Mercer Island 4
BOTTOM OF THE 3RD
Mercer Island Screaming Eagles batting - Pitching for Phoenix Hotspur Youth : LHP José Santiago
Batting: RHB Juan Reyes 0-0: Ball
1-0: Ball
2-0: Called Strike
2-1: Foul Ball, location: 2F
2-2: Ball
3-2: Fly out, F8 (Flyball, 78D)
Batting: RHB Vincente Flores 0-0: Fly out, F6 (Line Drive, 6)
Batting: SHB Edward Sterrenburg 0-0: Called Strike
0-1: Fly out, F7 (Flyball, 78M)
Bottom of the 3rd over - 0 runs, 0 hits, 0 errors, 0 left on base; Phoenix Hotspur 0 - Mercer Island 4
TOP OF THE 4TH
Phoenix Hotspur Youth batting - Pitching for Mercer Island Screaming Eagles : RHP Raimo Kangas
Batting: RHB Braylen Sampson 0-0: Ball
1-0: Foul Ball, location: 2F
1-1: Called Strike
1-2: DOUBLE (Flyball, 78XD)
Batting: LHB Tyler Kinjeketile 0-0: Ball
1-0: Called Strike
1-1: Ball
2-1: Foul Ball, location: 2F
2-2: Fly out, F8 (Flyball, 8RD)
Batting: RHB José Souza 0-0: Ball
1-0: Called Strike
1-1: Foul Ball, location: 2F
1-2: Strikes out looking
Batting: RHB Bill Poole 0-0: Called Strike
0-1: Foul Ball, location: 2F
0-2: Ball
1-2: Ball
2-2: Ball
3-2: 2-RUN HOME RUN (Flyball, 8RXD), Distance : 440 ft
Batting: LHB Damian Alldred 0-0: Foul Ball, location: 2F
0-1: Ball
1-1: SINGLE (Groundball, 4D)
Batting: LHB Joseph Antoine 0-0: 2-RUN HOME RUN (Line Drive, 9LD), Distance : 349 ft
Batting: RHB Juan Negrete 0-0: Called Strike
0-1: Foul Ball, location: 2F
0-2: Foul Ball, location: 2F
0-2: Foul Ball, location: 2F
0-2: Ball
1-2: SINGLE (Groundball, 56S) (infield hit)
Pitching: RHP Esteban Miroz
Batting: RHB James Turner 0-0: Ball
Juan Negrete steals 2nd base
1-0: Foul Ball, location: 2F
1-1: Ground out 6-3 (Groundball, 6)
Top of the 4th over - 4 runs, 5 hits, 0 errors, 1 left on base; Phoenix Hotspur 4 - Mercer Island 4
BOTTOM OF THE 4TH
Mercer Island Screaming Eagles batting - Pitching for Phoenix Hotspur Youth : LHP José Santiago
Batting: LHB Jorge Pérez 0-0: Fly out, F7 (Flyball, 7S)
Batting: SHB Ray Davis 0-0: Ball
1-0: Ball
2-0: Foul Ball, location: 2F
2-1: Foul Ball, location: 2F
2-2: Strikes out swinging
Batting: RHB Yu-shu Kang 0-0: Ball
1-0: Ground out 4-3 (Groundball, 4)
Bottom of the 4th over - 0 runs, 0 hits, 0 errors, 0 left on base; Phoenix Hotspur 4 - Mercer Island 4
TOP OF THE 5TH
Phoenix Hotspur Youth batting - Pitching for Mercer Island Screaming Eagles : RHP Esteban Miroz
Batting: RHB Sinfronio Vitor 0-0: Swinging Strike
0-1: Foul Ball, location: 2F
0-2: Foul Ball, location: 2F
0-2: Strikes out swinging
Batting: RHB Braylen Sampson 0-0: Called Strike
0-1: Ball
1-1: SINGLE (Line Drive, 7LS)
Batting: LHB Tyler Kinjeketile 0-0: Foul Ball, location: 2F
0-1: Ball
1-1: Swinging Strike
1-2: Strikes out swinging
Batting: RHB José Souza 0-0: Ball
1-0: Ball
2-0: Called Strike
2-1: Ground out 1-3 (Groundball, 15)
Top of the 5th over - 0 runs, 1 hit, 0 errors, 1 left on base; Phoenix Hotspur 4 - Mercer Island 4
BOTTOM OF THE 5TH
Mercer Island Screaming Eagles batting - Pitching for Phoenix Hotspur Youth : LHP José Santiago
Batting: RHB Pedro Hernández 0-0: Ball
1-0: Called Strike
1-1: Ball
2-1: Foul Ball, location: 2F
2-2: Foul Ball, location: 2F
2-2: Ball
3-2: Ground out 6-3 (Groundball, 56D)
Batting: SHB Arnold Griffith 0-0: Called Strike
0-1: SINGLE (Line Drive, 9S)
Batting: SHB Serious Lee 0-0: SINGLE (Line Drive, 6MD)
Arnold Griffith to second
Batting: RHB Juan Reyes 0-0: Swinging Strike
0-1: Ball
1-1: Foul Ball, location: 2F
1-2: Foul Ball, location: 2F
1-2: Foul Ball, location: 2F
1-2: Foul Ball, location: 2F
1-2: Ball
2-2: Ball
3-2: SINGLE (Line Drive, 7S)
Arnold Griffith to third
Serious Lee to second
Runner from 3rd tries for Home, SAFE, no throw
Batting: RHB Vincente Flores 0-0: Ball
1-0: Swinging Strike
1-1: Fly out, F3 (Line Drive, 4)
Batting: SHB Edward Sterrenburg 0-0: Fly out, F9 (Flyball, 9)
Bottom of the 5th over - 1 run, 3 hits, 0 errors, 2 left on base; Phoenix Hotspur 4 - Mercer Island 5
TOP OF THE 6TH
Phoenix Hotspur Youth batting - Pitching for Mercer Island Screaming Eagles : RHP Esteban Miroz
Batting: RHB Bill Poole 0-0: Ball
1-0: Ball
2-0: Ball
3-0: Base on Balls
Batting: LHB Damian Alldred 0-0: Bunt - Flyout! F3
Batting: LHB Joseph Antoine 0-0: Called Strike
0-1: Ball
1-1: Foul Ball, location: 2F
1-2: Ball
2-2: Strikes out swinging
Batting: RHB Juan Negrete 0-0: Ball
1-0: Ball
2-0: Called Strike
2-1: Ball
3-1: Base on Balls
Bill Poole to second
Batting: RHB James Turner 0-0: Foul Ball, location: 2F
0-1: Ball
1-1: Foul Ball, location: 2F
1-2: Strikes out swinging
Top of the 6th over - 0 runs, 0 hits, 0 errors, 2 left on base; Phoenix Hotspur 4 - Mercer Island 5
BOTTOM OF THE 6TH
Mercer Island Screaming Eagles batting - Pitching for Phoenix Hotspur Youth : LHP José Santiago
Batting: LHB Jorge Pérez 0-0: Foul Ball, location: 2F
0-1: Ball
1-1: Ground out 4-3 (Groundball, 34D)
Batting: SHB Ray Davis 0-0: Ball
1-0: Foul Ball, location: 2F
1-1: Foul Ball, location: 2F
1-2: Ball
2-2: Fly out, F7 (Flyball, 78D)
Batting: RHB Yu-shu Kang 0-0: Foul Ball, location: 2F
0-1: Called Strike
0-2: SINGLE (Groundball, 56D)
Batting: RHB Pedro Hernández 0-0: Ball
1-0: Ball
Wild Pitch!
Yu-shu Kang to second
2-0: Ground out 6-3 (Groundball, 6)
Bottom of the 6th over - 0 runs, 1 hit, 0 errors, 1 left on base; Phoenix Hotspur 4 - Mercer Island 5
TOP OF THE 7TH
Phoenix Hotspur Youth batting - Pitching for Mercer Island Screaming Eagles : RHP Esteban Miroz
Batting: RHB Sinfronio Vitor 0-0: Foul Ball, location: 2F
0-1: Swinging Strike
0-2: Ball
1-2: Ground out 6-3 (Groundball, 6MS)
Batting: RHB Braylen Sampson 0-0: Ball
1-0: Fly out, F7 (Flyball, 7S)
Batting: LHB Tyler Kinjeketile 0-0: Ball
1-0: Foul Ball, location: 2F
1-1: SINGLE (Line Drive, 89S)
Pinch Hitting: LHB António Escalante 0-0: Ball
1-0: Ground out U3 (Groundball, 3)
Top of the 7th over - 0 runs, 1 hit, 0 errors, 1 left on base; Phoenix Hotspur 4 - Mercer Island 5
BOTTOM OF THE 7TH
Mercer Island Screaming Eagles batting - Pitching for Phoenix Hotspur Youth : LHP José Santiago
Now at 3B: Bill Erickson
Batting: SHB Arnold Griffith 0-0: Ball
1-0: Ball
2-0: SINGLE (Flyball, 78S)
Pinch Hitting: RHB Yosuke Hayashi 0-0: Ball
1-0: Ball
2-0: Grounds into double play, 5-4-3 (Groundball, 56)
Batting: RHB Juan Reyes 0-0: Ball
1-0: Ball
2-0: Called Strike
2-1: Fly out, F8 (Flyball, 8LM)
Bottom of the 7th over - 0 runs, 1 hit, 0 errors, 0 left on base; Phoenix Hotspur 4 - Mercer Island 5
TOP OF THE 8TH
Phoenix Hotspur Youth batting - Pitching for Mercer Island Screaming Eagles : RHP Esteban Miroz
Now in RF: Yosuke Hayashi
Batting: RHB Bill Poole 0-0: Called Strike
0-1: Ball
1-1: Ball
2-1: DOUBLE (Line Drive, 7LS)
Pitching: RHP José Sauls
Batting: LHB Damian Alldred 0-0: Called Strike
0-1: Ball
1-1: Swinging Strike
1-2: Foul Ball, location: 2F
1-2: Ball
2-2: Ball
3-2: Foul Ball, location: 2F
3-2: Foul Ball, location: 2F
3-2: Foul Ball, location: 2F
3-2: Strikes out swinging
Pitching: LHP Luis Ochoa
Pinch Hitting: RHB Carl Tucker 0-0: Foul Ball, location: 2F
0-1: Called Strike
0-2: Ball
1-2: Ball
2-2: Ball
3-2: Base on Balls
Batting: RHB Juan Negrete 0-0: Foul Ball, location: 2F
0-1: Foul Ball, location: 2F
0-2: Fielders Choice at 2nd, 6-4 (Groundball, 56)
Bill Poole to third
Batting: RHB James Turner 0-0: Ball
1-0: Ball
2-0: Foul Ball, location: 2F
2-1: Foul Ball, location: 2F
2-2: Fly out, F4 (Popup, 4)
Top of the 8th over - 0 runs, 1 hit, 0 errors, 2 left on base; Phoenix Hotspur 4 - Mercer Island 5
BOTTOM OF THE 8TH
Mercer Island Screaming Eagles batting - Pitching for Phoenix Hotspur Youth : LHP José Santiago
Now at 3B: Carl Tucker
Batting: RHB Vincente Flores 0-0: Ball
1-0: Ball
2-0: Ball
3-0: Called Strike
3-1: Swinging Strike
3-2: Strikes out swinging
Batting: SHB Edward Sterrenburg 0-0: Ball
1-0: Ball
2-0: Foul Ball, location: 2F
2-1: Ground out 5-3 (Groundball, 56S)
Batting: LHB Jorge Pérez 0-0: Called Strike
0-1: Ground out 1-3 (Groundball, P)
Bottom of the 8th over - 0 runs, 0 hits, 0 errors, 0 left on base; Phoenix Hotspur 4 - Mercer Island 5
TOP OF THE 9TH
Phoenix Hotspur Youth batting - Pitching for Mercer Island Screaming Eagles : LHP Luis Ochoa
Batting: RHB Sinfronio Vitor 0-0: SINGLE (Groundball, 6) (infield hit)
Batting: RHB Braylen Sampson 0-0: Ball
1-0: Called Strike
1-1: Called Strike
1-2: Ball
2-2: Strikes out swinging
Batting: LHB Tyler Kinjeketile 0-0: Ball
1-0: Foul Ball, location: 2F
1-1: Foul Ball, location: 2F
1-2: Ball
2-2: Ball
3-2: DOUBLE (Line Drive, 3D)
Sinfronio Vitor to third
Batting: RHB Bill Erickson 0-0: Called Strike
0-1: Ball
1-1: Called Strike
1-2: Ball
2-2: Foul Ball, location: 2F
2-2: Ball
3-2: SINGLE (Groundball, 34D)
Sinfronio Vitor scores
Tyler Kinjeketile to third
Runner from 3rd tries for Home, SAFE, no throw
Batting: RHB Bill Poole 0-0: Ball
1-0: Grounds into double play, 5-4-3 (Groundball, 5)
Top of the 9th over - 2 runs, 3 hits, 0 errors, 0 left on base; Phoenix Hotspur 6 - Mercer Island 5
BOTTOM OF THE 9TH
Mercer Island Screaming Eagles batting - Pitching for Phoenix Hotspur Youth : LHP José Santiago
Pitching: RHP Leon von Stroheim
Batting: SHB Ray Davis 0-0: Called Strike
0-1: SINGLE (Groundball, 4D)
Pinch Hitting: LHB Theo Fightmaster 0-0: Bunted foul
0-1: Ball
1-1: Bunted foul
1-2: Ball
2-2: Ground out 3-1 (Groundball, 34)
Ray Davis to second
Batting: RHB Pedro Hernández 0-0: Fly out, F5 (Popup, 56)
Batting: SHB Arnold Griffith 0-0: Called Strike
0-1: Called Strike
0-2: Ball
1-2: Strikes out looking
Bottom of the 9th over - 0 runs, 1 hit, 0 errors, 1 left on base; Phoenix Hotspur 6 - Mercer Island 5
Tuesday, June 12th, 2018 - OOTP Baseball 18.8 Build 76